 Dungeon Crawl Stone Soup version 0.29-a0-565-g7a16c6de65 (webtiles) character file.

Game seed: 3216081839639201287

5941 Lekart the Cleaver (level 10, -2/77 HPs)
             Began as a Grey Draconian Fighter on June 12, 2022.
             Was an Elder of Hepliaklqana.
             Slain by a ten-headed hydra (11 damage)
             ... on level 9 of the Dungeon.
             The game lasted 00:13:55 (7798 turns).

Lekart the Cleaver (Grey Draconian Fighter)         Turns: 7798, Time: 00:13:56

Health: -2/77      AC: 15    Str: 22    XL:     10   Next: 54%
Magic:  13/15      EV: 13    Int:  9    God:    Hepliaklqana [****..]
Gold:   381        SH:  5    Dex: 11    Spells: 9/9 levels left

rFire   . . .      SeeInvis .   a - +4 war axe (vorpal)
rCold   . . .      Faith    .   b - +0 buckler
rNeg    . . .      Spirit   .   (body armour unavailable)
rPois   .          Reflect  .   (helmet restricted)
rElec   .          Harm     .   (no cloak)
rCorr   .          Rampage  .   l - +0 pair of gloves
Will    .....                   D - +1 pair of boots
Stlth   +.........              d - amulet of the acrobat
HPRegen 0.22/turn               (no ring)
MPRegen 0.14/turn               (no ring)

@: about to teleport, spiked, studying Transmutations
A: reduced essence, AC +12, amphibious, unfitting armour, cold-blooded,
MP-powered wands
a: Renounce Religion, Recall Ancestor, Ancestor Identity, Transference, Idealise


You were on level 9 of the Dungeon.
You worshipped Hepliaklqana.
Hepliaklqana was greatly pleased with you.
You visited 2 branches of the dungeon, and saw 11 of its levels.

You collected 563 gold pieces.
You spent 182 gold pieces at shops.

Inventory:

Hand Weapons
 a - a +4 vorpal war axe (weapon)
Armour
 b - a +0 buckler (worn)
 l - a +0 pair of gloves (worn)
 D - a +1 pair of boots (worn)
Jewellery
 d - an amulet of the acrobat (around neck)
 q - a ring of flight
 u - a +6 ring of intelligence
 y - a ring of magical power
 A - a ring of see invisible
Wands
 e - a wand of flame (12)
 m - a wand of mindburst (11)
 t - a wand of acid (9)
 v - a wand of iceblast (16)
Scrolls
 h - a scroll of amnesia
 i - 4 scrolls of identify
 j - 3 scrolls of teleportation
 k - a scroll of magic mapping
 B - a scroll of silence
Potions
 c - 4 potions of might
 f - 5 potions of attraction
 g - 2 potions of magic
 n - a potion of brilliance
 p - 3 potions of flight
 s - a potion of ambrosia
 w - 3 potions of haste


   Skills:
 + Level 7.5 Fighting
 + Level 11.0 Axes
 + Level 6.2 Dodging
 + Level 5.1 Shields
 * Level 7.4 Invocations


You had 9 spell levels left.
You didn't know any spells.
Your spell library contained the following spells:

 Spells                   Type           Power      Damage    Failure   Level
 Apportation              Tloc           0%         N/A       45%         1
 Magic Dart               Conj           0%         1d3       45%         1
 Sting                    Tmut/Pois      0%         1d3       45%         1
 Poisonous Vapours        Pois/Air       0%         N/A       61%         2
 Searing Ray              Conj           0%         2d4       61%         2
 Animate Dead             Necr           0%         N/A       99%         4
 Cause Fear               Hex            0%         N/A       99%         4
 Fulminant Prism          Conj/Hex       0%         3d6       99%         4
 Olgreb's Toxic Radiance  Pois           0%         N/A       99%         4
 Alistair's Intoxication  Tmut/Pois      0%         N/A       100%        5
 Dragon Form              Tmut           0%         N/A       100%        7
 Haunt                    Necr/Summ      0%         N/A       100%        7
 Infestation              Necr           0%         N/A       100%        8
 Dragon's Call            Summ           0%         N/A       100%        9


Dungeon Overview and Level Annotations

Branches:
Dungeon (10/15)            Temple (1/1) D:7            Lair (0/6) D:8
    Orc: D:9-12

Altars:
Ashenzari
Cheibriados
Dithmenos
Elyvilon
Fedhas
Gozag
Hepliaklqana
Kikubaaqudgha
Makhleb
Nemelex Xobeh
Okawaru
Qazlal
Ru
Sif Muna
Trog
Uskayaw
Vehumet
Wu Jian
Xom
Yredelemnul
Zin
The Shining One
Beogh

Shops:
D:3 !   D:4 *   D:7 =

Annotations:
D:10 4 transporters


Innate Abilities, Weirdness & Mutations

Your life essence is reduced to manifest your ancestor. (-10% HP)
Your dull iron-grey scales are very hard. (AC +12)
You are amphibious.
You cannot fit into any form of body armour.
You are cold-blooded and may be slowed by cold attacks.
You expend magic power (3 MP) to strengthen your wands.


Message History

The ten-headed hydra attacks as you move away!
You block the ten-headed hydra's attack.
The ten-headed hydra barely misses you.
You block the ten-headed hydra's attack.
The ten-headed hydra bites you. The ten-headed hydra bites you!
The ten-headed hydra bites you but does no damage.
The ten-headed hydra bites you!
* * * LOW HITPOINT WARNING * * *
The ten-headed hydra completely misses you. x3
Xochipepe hits the ten-headed hydra with a +0 quarterstaff!!
Okay, then.
Okay, then.
Okay, then.
Select a target.
Press: ? - help, Dir - move target, f - ten-headed hydra
Aim: a ten-headed hydra (severely wounded, ally target)
The floor, spattered with blood.
The ten-headed hydra swaps with Xochipepe!
The ten-headed hydra bites Xochipepe! x2
The ten-headed hydra closely misses Xochipepe.
The ten-headed hydra bites Xochipepe!
The ten-headed hydra bites Xochipepe but does no damage.
The ten-headed hydra bites Xochipepe. x2; The ten-headed hydra bites Xochipepe!
Xochipepe is destroyed!
The manticore flicks its tail.
The volley of spikes hits you!
The barbed spikes become lodged in your body.
* * * LOW HITPOINT WARNING * * *
The barbs in your skin will harm you if you move.
Continue? [Y]es or [N]o only, please.
The barbs in your skin will harm you if you move.
Continue?
Okay, then.
As you read the scroll of teleportation, it crumbles to dust.
You feel strangely unstable.
You feel much better. The ten-headed hydra barely misses you.
The ten-headed hydra closely misses you.
The ten-headed hydra barely misses you. x2; The ten-headed hydra bites you!
* * * LOW HITPOINT WARNING * * *
The ten-headed hydra bites you!
You die...

,**,,,,,,**,#..#.##,,,,,,**
,********,**#..#..#*******
,* ******,,*#..##.#
****,,,**,,*#...#.#
,,**,****,,,#...#.#
,,**,,,,+,,,#...#.#
,,*******,,,#...#.# ,,*
*****#O##.# *** #HD@.# *
###### * * * *


You could see a ten-headed hydra, a two-headed ogre and a manticore.

Vanquished Creatures
  A gargoyle (D:10)
  A komodo dragon (D:8)
  Grinder (D:3)
  A wyvern (D:8)
  Menkaure (D:6)
  Duvessa (D:6)
  2 orc warriors (D:8)
  A sky beast (D:7)
  3 black bears
  A lemure (D:4)
  A phantom (D:5)
  2 kobold brigands (D:8)
  Blork the orc (D:6)
  A bullfrog (D:7)
  2 necrophages
  7 wights
  An electric eel (D:7)
  3 orc priests
  A hound (D:7)
  2 iguanas
  Ijyb (D:3)
  4 orc wizards
  Natasha (thrice) (D:2)
  A gnoll (D:4)
  An adder (D:2)
  2 white imps (D:5)
  An ufetubus (D:7)
  A worm (D:2)
  2 dart slugs (D:1)
  26 orcs
  7 ball pythons
  8 endoplasms
  9 goblins
  9 hobgoblins
  3 jackals (D:2)
  A quokka (D:1)
  10 bats
  2 frilled lizards (D:1)
  9 kobolds
  3 rats
137 creatures vanquished.

Vanquished Creatures (collateral kills)
  Pikel (D:4)
  A troll (D:8)
  Prince Ribbit (D:6)
  Sigmund (D:5)
  A steam dragon (D:6)
  A wyvern (D:8)
  An ice beast (D:6)
  An orc warrior (D:8)
  A sky beast (D:6)
  A black bear (D:7)
  A centaur (D:7)
  A phantom (D:6)
  A kobold brigand (D:8)
  A bullfrog (D:5)
  A gnoll sergeant (D:4)
  2 scorpions
  9 wights
  Dowan (D:6)
  A jelly (D:8)
  A hound (D:6)
  2 iguanas
  2 orc wizards
  2 gnolls (D:4)
  4 adders
  A shadow imp (D:7)
  2 ufetubi (D:5)
  A dart slug (D:2)
  18 orcs
  A bat (D:2)
  A giant cockroach (D:2)
  2 goblins
  3 hobgoblins
  A quokka (D:3)
  A ball python (D:4)
  5 kobolds (D:8)
75 creatures vanquished.

Vanquished Creatures (others)
  2 battlemagi
  6 plants (D:8)
8 creatures vanquished.

Grand Total: 220 creatures vanquished

Notes
Turn   | Place    | Note
-------+----------+-------------------------------------------
     0 | D:1      | Lekart the Draconian Fighter began the quest for the Orb.
     0 | D:1      | Reached XP level 1. HP: 19/19 MP: 1/1
   107 | D:1      | Reached XP level 2. HP: 25/26 MP: 2/2
   597 | D:1      | Reached XP level 3. HP: 33/33 MP: 3/3
   686 | D:1      | Found a faded altar of an unknown god.
   845 | D:1      | Prayed at the altar of an unknown god.
   845 | D:1      | Became a worshipper of Hepliaklqana the Forgotten
   845 | D:1      | Reached * piety under Hepliaklqana
  1036 | D:2      | Noticed Natasha
  1040 | D:2      | Killed Natasha
  1100 | D:2      | Reached skill level 1 in Invocations
  1128 | D:2      | Reached XP level 4. HP: 36/36 MP: 4/4
  1148 | D:2      | Reached skill level 3 in Axes
  1399 | D:2      | Identified the +5 dagger of Vuwi {spect, Dex+4}
  1527 | D:2      | Noticed Natasha
  1534 | D:2      | Killed Natasha
  1571 | D:2      | Noticed Natasha
  1578 | D:2      | Killed Natasha
  1579 | D:2      | Reached XP level 5. HP: 24/41 MP: 6/6
  1920 | D:2      | Gained mutation: You expend magic power (3 MP) to
                  | strengthen your wands. [potion of mutation]
  1931 | D:3      | Noticed Ijyb
  1938 | D:3      | Killed Ijyb
  2009 | D:3      | Reached ** piety under Hepliaklqana
  2106 | D:3      | Noticed Grinder
  2119 | D:3      | Killed Grinder
  2120 | D:3      | Reached skill level 4 in Axes
  2120 | D:3      | Reached XP level 6. HP: 13/47 MP: 4/7
  2355 | D:3      | Remembered your ancestor Xochipepe as a battlemage
  2428 | D:3      | Found Tusiegg's Distillery.
  2440 | D:3      | Bought a potion of heal wounds for 50 gold pieces
  2440 | D:3      | Bought a potion of heal wounds for 50 gold pieces
  2440 | D:3      | Bought a potion of flight for 30 gold pieces
  2449 | D:3      | Found a shimmering altar of Xom.
  2950 | D:4      | Reached skill level 5 in Axes
  2957 | D:4      | Found Taoxy's Assorted Antiques.
  2963 | D:4      | Your scales start taking on a dull iron-grey colour.
  2963 | D:4      | Reached XP level 7. HP: 7/54 MP: 9/9
  2969 | D:4      | HP: 2/54 [something/magic dart (6)]
  3095 | D:4      | Bought a scroll of identify for 52 gold pieces
  3121 | D:4      | Noticed Pikel
  3128 | D:4      | Killed Pikel
  3129 | D:4      | Reached skill level 5 in Fighting
  3129 | D:4      | Reached skill level 6 in Axes
  3129 | D:4      | Reached XP level 8. HP: 45/61 MP: 9/11
  3363 | D:4      | Reached *** piety under Hepliaklqana
  3519 | D:4      | Found an opulent altar of Gozag.
  3851 | D:5      | Entered Level 5 of the Dungeon
  3960 | D:5      | Reached skill level 7 in Axes
  4176 | D:5      | Noticed Sigmund
  4190 | D:5      | Killed Sigmund
  4456 | D:6      | Reached skill level 8 in Axes
  4456 | D:6      | Reached skill level 5 in Invocations
  4505 | D:6      | Reached **** piety under Hepliaklqana
  4511 | D:6      | Identified the +7 mace "Draconian's Peril" {protect, rF-
                  | Str+7 Int+3 Dex+2}
  4524 | D:6      | Reached XP level 9. HP: 67/67 MP: 12/12
  4524 | D:6      | Noticed Blork the orc
  4532 | D:6      | Killed Blork the orc
  4644 | D:6      | Noticed Menkaure
  4650 | D:6      | Killed Menkaure
  4651 | D:6      | Reached skill level 5 in Dodging
  4718 | D:6      | Noticed Prince Ribbit
  4730 | D:6      | Killed Prince Ribbit
  4764 | D:6      | Noticed Duvessa
  4764 | D:6      | Noticed Dowan
  4769 | D:6      | Killed Duvessa
  4769 | D:6      | Killed Dowan
  4770 | D:6      | Reached skill level 9 in Axes
  5325 | D:7      | Found Otwucka's Jewellery Boutique.
  5715 | D:7      | Found a staircase to the Ecumenical Temple.
  5727 | Temple   | Entered the Ecumenical Temple
  5991 | D:8      | Reached skill level 10 in Axes
  6127 | D:8      | Found a snail-covered altar of Cheibriados.
  6166 | D:8      | Reached XP level 10. HP: 75/75 MP: 14/14
  6988 | D:8      | Reached skill level 5 in Shields
  7038 | D:8      | Found a staircase to the Lair.
  7455 | D:10     | Entered Level 10 of the Dungeon
  7455 | D:10     | Noticed a gargoyle
  7458 | D:10     | Killed a gargoyle
  7511 | D:10     | Found an ancient bone altar of Kikubaaqudgha.
  7572 | D:10     | Found a transporter.
  7576 | D:10     | Found a transporter.
  7584 | D:10     | Found a transporter.
  7588 | D:10     | Found a transporter.
  7764 | D:9      | Reached skill level 11 in Axes
  7790 | D:9      | Noticed a manticore
  7791 | D:9      | Noticed a two-headed ogre
  7791 | D:9      | Noticed an eight-headed hydra
  7796 | D:9      | HP: 3/77 [manticore/volley of spikes (13)]
  7798 | D:9      | Slain by a ten-headed hydra

Illustrated notes

Levels and vault maps discovered:
D:1:      dreamdust_arrival_sigmund_warning, layout_rooms, serial_rivers,
          chequers_serial_rivers_small_3, chequers_serial_rivers_small_a,
          chequers_serial_rivers_micro_c, chequers_serial_rivers_micro_a,
          basic_ecumenical_altar
D:2:      minmay_skewed_foursquare, layout_loops_ring, minmay_pentomino_t2,
          uniq_natasha
D:3:      layout_basic, nicolae_overflow_crystal_walls, serial_shops, shop,
          chequers_big_river, uniq_ijyb, uniq_grinder
D:4:      layout_basic, general_overflow_altar, st_stairs_6,
          minmay_shop_grid_forest, uniq_pikel
D:5:      layout_cave_pools, uniq_sigmund
D:6:      layout_cave_pools, uniq_blork_the_orc, uniq_menkaure,
          uniq_prince_ribbit1, uniq_duvessa
D:7:      layout_rooms, minmay_temple_entry_large_hall, hex_intersection,
          kennysheep_diamond
D:8:      layout_loops_ring, cheibriados_altar_1, david_lair_shrubbed,
          special_room [special_room_orc], minmay_checkerbox
D:9:      minmay_sliced_demisemicircle, layout_gridville
D:10:     layout_basic, mainiacjoe_overflow_boulevard, kennysheep_minor_cross,
          serial_nicolae_subway, nicolae_sub_station_crystal,
          nicolae_sub_station_metal, nicolae_sub_station_stone
Temple:   regret_index_temple_mists

Skill      XL: |  1  2  3  4  5  6  7  8  9 10 |
---------------+-------------------------------+-----
Dodging        | 3 4 5 6 |  6.2
Invocations    | 1 2 3 4 5 6 7 |  7.4
Axes           | 3 4 5 6 8 10 11 | 11.0
Fighting       | 4 5 6 7 |  7.5
Shields        | 4 5 |  5.1

Action                   |  1- 3 |  4- 6 |  7- 9 | 10-12 || total
-------------------------+-------+-------+-------+-------++-------
Melee: War axe           |    77 |    76 |   163 |    84 ||   400
       Tailslap          |     6 |     6 |    19 |    11 ||    42
Invok: Ancestor Identity |     1 |       |       |       ||     1
       Recall Ancestor   |       |     1 |       |       ||     1
       Ancestor Life: Ba |       |     1 |       |       ||     1
       Transference      |       |       |     3 |     1 ||     4
Evoke: Wand              |       |     1 |       |       ||     1
  Use: Scroll            |       |     6 |     7 |     5 ||    18
       Potion            |       |     3 |     9 |     2 ||    14
 Stab: Distracted        |       |       |     1 |       ||     1
       Sleeping          |       |       |       |     1 ||     1
Armor: Skin              |    16 |    21 |    64 |    41 ||   142
Dodge: Dodged            |    64 |    46 |   111 |    52 ||   273
Block: Buckler           |    19 |    12 |    38 |    23 ||    92

Table legend: (Time is in decaauts)
 A = Elapsed time spent in this place.
 B = Non-inter-level travel time spent in this place.
 C = Inter-level travel time spent in this place.
 D = Time resting spent in this place.
 E = Time spent auto-exploring this place.
 F = Levels seen in this place.
 G = Mean time per level.
                   A        B        C        D        E       F      G
               +--------+--------+--------+--------+--------+-----+--------+
         Total |   7892 |   7567 |    325 |    424 |   5899 |  11 |  717.5 |
       Dungeon |   7763 |   7459 |    304 |    424 |   5810 |  10 |  776.3 |
        Temple |    128 |    107 |     21 |      0 |     89 |   1 |  128.0 |
               +--------+--------+--------+--------+--------+-----+--------+

Top non-repeatable levels by time:
     D:8: 1374 daAuts
     D:2: 1080 daAuts
     D:3: 1029 daAuts
     D:4: 920 daAuts
     D:1: 908 daAuts
     D:7: 843 daAuts
     D:5: 594 daAuts
     D:6: 541 daAuts
    D:10: 267 daAuts
     D:9: 202 daAuts
  Temple: 128 daAuts
